 Dungeon Crawl Stone Soup version 0.26-a0-658-gbdda728c12 (webtiles) character file.

Game seed: 5379265400051995218

332 tacoguy the Conjurer (level 6, -1/32 HPs)
             Began as a Deep Elf Conjurer on Oct 5, 2020.
             Killed by divine providence
             ... invoked by an orc priest
              (10 damage)
             ... on level 4 of the Dungeon.
             The game lasted 00:12:02 (3825 turns).

tacoguy the Conjurer (Deep Elf Conjurer)            Turns: 3825, Time: 00:12:03

Health: -1/32      AC:  3    Str:  4    XL:     6   Next: 26%
Magic:  1/17       EV: 13    Int: 25    God:
Gold:   179        SH:  0    Dex: 13    Spells: 6/17 levels left

rFire    + . .     SeeInvis .   (no weapon)
rCold    x . .     Faith    .   (no shield)
rNeg     . . .     Spirit   .   a - +0 robe
rPois    .         Reflect  .   (no helmet)
rElec    .         Harm     .   (no cloak)
rCorr    .         Rampage  .   g - +0 pair of gloves
MR       .....                  (no boots)
Stlth    ++........             b - amulet of inaccuracy (curse)
HPRegen  0.10/turn              d - ring of fire
MPRegen  0.15/turn              (no ring)

@: no status effects
A: no striking features
a: no special abilities


You were on level 4 of the Dungeon.
You visited 1 branch of the dungeon, and saw 4 of its levels.

You collected 179 gold pieces.

Inventory:

Armour
 a - a +0 robe (worn)
 g - a +0 pair of gloves (worn)
Jewellery
 b - a cursed amulet of inaccuracy (around neck)
 d - a ring of fire (left hand)
Wands
 k - a wand of disintegration (12)
Scrolls
 c - a scroll of blinking
 h - 2 scrolls of enchant weapon
 i - 2 scrolls of teleportation
 j - a scroll of magic mapping {unknown}
 o - a scroll of immolation {unknown}
Potions
 e - a potion of cancellation
 f - 2 potions of stabbing
 l - 2 potions of haste {unknown}
 m - a potion of invisibility {unknown}
 n - a potion of curing


   Skills:
 + Level 2.7 Dodging
 + Level 3.3 Stealth
 + Level 6.0 Spellcasting
 + Level 6.6 Conjurations
 + Level 0.3 Hexes


You had 6 spell levels left.
You knew the following spells:

 Your Spells              Type           Power        Failure   Level
a - Magic Dart            Conj           ####         1%          1
b - Searing Ray           Conj           #####.       1%          2
c - Fulminant Prism       Conj/Hex       ####......   17%         4
d - Iskenderun's Mystic   Conj/Tloc      ###.....     19%         4

Your spell library contained the following spells:

 Spells                   Type           Power        Failure   Level
 Dazzling Flash           Conj/Hex       ####..       5%          3


Dungeon Overview and Level Annotations

Branches:
Dungeon (4/15)
 Temple: D:4-7

Altars:
Cheibriados
Kikubaaqudgha
Trog


Message History

Aim: an orc priest, wearing a +0 leather armour (severely wounded)
The magic dart hits the orc priest but does no damage.
The orc priest is severely wounded.
An orc comes into view. It is wielding a +0 trident.
The orc priest miscasts a cantrip.
Casting: Magic Dart (safe; 1% risk of failure)
Confirm with . or Enter, or press ? or * to list all spells.
Aiming: Magic Dart (safe; 1% risk of failure)
Press: ? - help, Shift-Dir - straight line, f/p - orc priest
Aim: an orc priest, wearing a +0 leather armour (severely wounded)
The magic dart hits the orc priest but does no damage.
The orc priest is severely wounded.
The orc priest calls down the wrath of Beogh upon you.
Beogh smites you!
The orc priest calls down the wrath of Beogh upon you.
Beogh smites you!
* * * LOW HITPOINT WARNING * * *
The orc priest invokes the aid of Beogh against you.
Beogh smites you!
You die...

#########
#.......#
#.......#
#.......#
..#######.o.).@.#
................#
..†.>†...o.....##
...####...#..###
. #)###.## #..#
#.# #... ...
#.......
.........


You could see an orc priest and an orc.

Vanquished Creatures
  2 ogres (D:4)
  A hound skeleton (D:4)
  4 adders
  3 gnolls (D:3)
  An adder skeleton (D:2)
  3 worms
  A leopard gecko (D:1)
  7 bats
  14 giant cockroaches
  8 hobgoblins
  7 jackals
  3 frilled lizards
  4 goblins
  9 kobolds
  10 rats
77 creatures vanquished.

Vanquished Creatures (others)
  4 fulminant prisms (D:4)
  5 plants (D:3)
9 creatures vanquished.

Grand Total: 86 creatures vanquished

Notes
Turn   | Place    | Note
-------+----------+-------------------------------------------
     0 | D:1      | tacoguy the Deep Elf Conjurer began the quest for the Orb.
     0 | D:1      | Reached XP level 1. HP: 10/10 MP: 6/6
   425 | D:1      | Reached XP level 2. HP: 15/15 MP: 4/8
   546 | D:1      | Reached skill level 5 in Conjurations
   900 | D:1      | Learned a level 2 spell: Searing Ray
  1313 | D:2      | Reached XP level 3. HP: 18/19 MP: 5/9
  1549 | D:2      | Found a faded altar of an unknown god.
  2239 | D:3      | Found an ancient bone altar of Kikubaaqudgha.
  2239 | D:3      | Found a bloodstained altar of Trog.
  2263 | D:3      | Found a snail-covered altar of Cheibriados.
  2443 | D:3      | Reached XP level 4. HP: 24/24 MP: 8/11
  3117 | D:3      | Reached XP level 5. HP: 28/28 MP: 5/13
  3185 | D:3      | Learned a level 4 spell: Fulminant Prism
  3190 | D:3      | Learned a level 4 spell: Iskenderun's Mystic Blast
  3560 | D:4      | Noticed an ogre
  3567 | D:4      | Killed an ogre
  3567 | D:4      | Reached skill level 5 in Spellcasting
  3576 | D:4      | Noticed an ogre
  3722 | D:4      | Killed an ogre
  3722 | D:4      | Reached XP level 6. HP: 24/32 MP: 2/17
  3825 | D:4      | Killed from afar by an orc priest

Illustrated notes

Levels and vault maps discovered:
D:1:      onia_arrival_mini_maze_b, layout_basic
D:2:      layout_rooms, chequers_ecumenical_altar_twisty
D:3:      minmay_roachtagon, layout_loops_ring, lemuel_crystal_altar,
          gammafunk_temple_overflow_elements, serial_bayou_ford_a
D:4:      layout_rooms, dancing_weapons_uskayaw, minmay_misc_feat_pillars,
          uniq_pikel

Skill      XL: |  1  2  3  4  5 |
---------------+----------------+-----
Conjurations   | 5 6 |  6.6
Spellcasting   | 4 6 |  6.0
Stealth        | 3 |  3.3
Dodging        | |  2.7
Hexes          | |  0.3

Action                   |  1- 3 |  4- 6 || total
-------------------------+-------+-------++-------
Melee: Unarmed           |       |     3 ||     3
 Cast: Magic Dart        |    64 |    39 ||   103
       Searing Ray       |     7 |    18 ||    25
       Fulminant Prism   |       |     4 ||     4
  Use: Potion            |     3 |       ||     3
       Scroll            |     5 |       ||     5
Armor: Robe              |     3 |     9 ||    12
Dodge: Dodged            |    11 |    27 ||    38

Table legend: (Time is in decaauts)
 A = Elapsed time spent in this place.
 B = Non-inter-level travel time spent in this place.
 C = Inter-level travel time spent in this place.
 D = Time resting spent in this place.
 E = Time spent auto-exploring this place.
 F = Levels seen in this place.
 G = Mean time per level.
                   A        B        C        D        E       F      G
               +--------+--------+--------+--------+--------+-----+--------+
         Total |   3832 |   3668 |    164 |   1559 |   1683 |   4 |  958.0 |
       Dungeon |   3832 |   3668 |    164 |   1559 |   1683 |   4 |  958.0 |
               +--------+--------+--------+--------+--------+-----+--------+

Top non-repeatable levels by time:
     D:3: 1386 daAuts
     D:1: 1161 daAuts
     D:2: 1111 daAuts
     D:4: 172 daAuts
